Map: Dusk Towers

Players

ScentedTea - Winner!

  • Race: Zerg Zerg
  • League: Diamond

ILLBdA

  • Race: Protoss Protoss
  • League: Diamond

VOD

Have the link to the VOD?

Description

Time

  • Played on: Dec. 17, 2015, 8:06 a.m.
  • Length: 9:59
Show
View Real Time Build Order
Export as new Build Order

ScentedTea Zerg - Winner!

Build Orders: Hatch First, Lurkers 

Get SALT Encoding   

  12  0:00  Drone  
  13  0:09  Drone  
  14  0:18  Overlord  
  14  0:25  Drone, Extractor  
  15  0:46  Hatchery  
  15  0:47  Drone  
  15  0:53  Drone  
  15  0:55  Drone  
  17  1:10  Spawning Pool  
  16  1:12  Drone  
  16  1:18  Drone  
  18  1:21  Drone  
  19  1:40  Hatchery  
  18  1:48  Drone  
  19  1:57  Queen  
  19  2:00  Queen  
  23  2:05  Zergling x2  
  23  2:07  Zergling x2  
  25  2:10  Drone  
  26  2:16  Overlord  
  26  2:19  Drone  
  26  2:21  Drone  
  28  2:32  Extractor  
  28  2:33  Drone x2, Extractor  
  28  2:34  Drone  
  29  2:40  Queen  
  32  2:44  Drone  
  32  2:48  Drone  
  33  2:52  Overlord  
  33  2:54  Drone  
  34  3:00  Queen  
  34  3:04  Drone x2  
  38  3:11  Drone x2  
  40  3:24  Zergling x10  
  44  3:30  Metabolic Boost  
  44  3:32  Drone x2  
  46  3:38  Drone  
  46  3:39  Drone x2  
  49  3:47  Overlord x2  
  49  3:53  Drone  
  49  3:55  Overlord  
  50  3:56  Overlord  
  50  4:07  Drone x5  
  55  4:15  Roach Warren  
  55  4:16  Drone  
  56  4:17  Drone x2  
  56  4:20  Drone  
  56  4:21  Drone  
  59  4:24  Spore Crawler  
  59  4:28  Spore Crawler  
  59  4:31  Spore Crawler, Drone  
  57  4:38  Lair  
  57  4:39  Drone  
  57  4:40  Drone  
  57  4:42  Drone x2  
  57  4:45  Drone  
  61  4:58  Drone x2  
  61  4:59  Drone x2  
  65  5:08  Hatchery  
  65  5:09  Drone x5  
  65  5:10  Drone x3  
  65  5:13  Drone  
  73  5:14  Extractor x2  
  73  5:15  Drone  
  73  5:17  Overlord  
  72  5:27  Drone  
  73  5:28  Overlord  
  73  5:29  Overlord x3  
  73  5:33  Extractor  
  73  5:34  Extractor  
  71  5:46  Drone x5, Spire  
  71  5:47  Drone x3  
  78  5:51  Glial Reconstitution  
  78  5:53  Drone  
  78  5:55  Drone x2  
  79  6:29  Spore Crawler  
  79  6:30  Extractor  
  77  6:33  Extractor  
  77  6:34  Queen  
  77  6:35  Drone x3  
  77  6:36  Drone x7  
  77  6:37  Drone x6  
  77  6:39  Overseer  
  94  6:44  Evolution Chamber  
  94  6:45  Drone x2  
  94  6:46  Evolution Chamber  
  94  6:47  Hydralisk Den  
  93  7:00  Mutalisk  
  93  7:01  Mutalisk x8  
  94  7:03  Overlord x4  
  94  7:04  Overlord x4  
  110  7:17  Lurker Den  
  110  7:20  Zerg Missile Weapons Level 1, Zerg Ground Armor Level 1  
  110  7:26  Mutalisk  
  110  7:27  Mutalisk x3  
  118  7:34  Drone x3  
  118  7:35  Drone x3  
  118  7:36  Roach x4  
  118  7:37  Roach x4  
  134  7:41  Overlord x3  
  140  7:50  Hydralisk x2  
  140  7:51  Hydralisk x3  
  146  8:10  Hydralisk x6  
  146  8:11  Hydralisk x3  
  164  8:16  Hydralisk x2  
  164  8:17  Hydralisk x2  
  170  8:36  Hydralisk x5  
  170  8:37  Hydralisk x3  
  186  8:42  Hatchery  
  175  8:58  Lurker x2  
  175  8:59  Lurker x2  
  175  9:01  Zergling x28  
  183  9:15  Lurker x3  
  183  9:16  Lurker  
  183  9:17  Zergling x14  
  188  9:18  Zergling x8  
  188  9:20  Extractor  
  197  9:25  Extractor  
  196  9:31  Zergling x2  
  196  9:32  Zergling x4  
  199  9:46  Infestation Pit  
Show
View Real Time Build Order
Export as new Build Order

ILLBdA Protoss 

Build Orders: Nexus First 

Get SALT Encoding   

  12  0:01  Probe (Chrono Boost)  
  13  0:11  Probe (Chrono Boost)  
  14  0:19  Pylon  
  14  0:22  Probe (Chrono Boost)  
  15  0:37  Probe (Chrono Boost)  
  16  0:48  Probe (Chrono Boost)  
  17  0:57  Nexus  
  17  1:07  Gateway  
  17  1:11  Probe (Chrono Boost)  
  18  1:18  Assimilator  
  18  1:21  Probe (Chrono Boost)  
  18  1:23  Assimilator  
  19  1:32  Probe (Chrono Boost)  
  20  1:36  Gateway  
  20  1:45  Probe (Chrono Boost)  
  21  1:55  Cybernetics Core  
  21  1:56  Probe (Chrono Boost)  
  22  2:02  Pylon  
  22  2:10  Probe (Chrono Boost)  
  22  2:11  Probe (Chrono Boost)  
  24  2:20  Probe (Chrono Boost)  
  25  2:25  Probe (Chrono Boost)  
  26  2:31  Probe (Chrono Boost), Adept x2 (Chrono Boost)  
  26  2:34  Warp Gate  
  31  2:43  Probe x2  
  33  2:55  Probe x2  
  33  2:56  Sentry (Chrono Boost)  
  37  3:03  Assimilator  
  37  3:07  Sentry (Chrono Boost)  
  37  3:08  Probe x2  
  37  3:09  Assimilator  
  41  3:20  Mothership Core, Probe  
  41  3:21  Stalker (Chrono Boost)  
  46  3:30  Gateway  
  46  3:37  Gateway  
  46  3:40  Pylon  
  46  3:54  Pylon  
  46  3:57  Stargate  
  46  3:58  Probe x2  
  46  4:02  Sentry (Chrono Boost)  
  50  4:10  Probe x2  
  50  4:13  Pylon  
  52  4:22  Probe (Chrono Boost)  
  52  4:23  Probe (Chrono Boost)  
  54  4:33  Probe (Chrono Boost), Nexus  
  54  4:35  Probe (Chrono Boost)  
  54  4:38  Sentry x3, Pylon  
  62  4:42  Probe (Chrono Boost)  
  62  4:43  Oracle (Chrono Boost)  
  66  4:58  Probe, Twilight Council  
  67  5:01  Adept x2  
  67  5:05  Gateway  
  71  5:15  Phoenix (Chrono Boost)  
  71  5:19  Gateway x2  
  73  5:26  Gateway  
  73  5:28  Probe  
  73  5:29  Probe  
  73  5:30  Sentry  
  77  5:45  Phoenix (Chrono Boost)  
  79  5:52  Pylon, Charge  
  79  5:54  Robotics Facility  
  79  5:56  Probe  
  80  6:04  Pylon  
  80  6:06  Forge  
  80  6:08  Pylon  
  80  6:15  Phoenix (Chrono Boost)  
  82  6:19  Probe x2  
  82  6:20  Probe  
  82  6:22  Sentry, Zealot x2  
  91  6:29  Probe  
  92  6:33  Probe  
  92  6:39  Zealot x2, Protoss Ground Weapons Level 1  
  97  6:40  Zealot x2  
  105  6:47  Immortal (Chrono Boost)  
  105  6:54  Phoenix  
  105  6:57  Probe  
  105  6:58  Probe  
  105  6:59  Probe  
  105  7:00  Zealot x2  
  114  7:15  Probe  
  115  7:20  Probe  
  115  7:21  Pylon  
  117  7:25  Pylon  
  117  7:28  Pylon  
  116  7:30  Probe  
  116  7:31  Pylon  
  116  7:32  Pylon  
  116  7:34  Pylon  
  117  7:37  Pylon  
  117  7:41  Zealot x2  
  117  7:43  Zealot x2  
  117  7:44  Zealot  
  131  7:48  Phoenix  
  125  7:52  Stalker x3  
  126  8:13  Phoenix  
  126  8:26  Stargate  
  126  8:28  Stargate  
  126  8:29  Pylon  
  126  8:34  Photon Cannon  
  126  8:36  Photon Cannon x2  
  126  8:37  Pylon, Phoenix, Photon Cannon  
  126  8:40  Photon Cannon  
  128  8:42  Photon Cannon  
  124  9:02  Phoenix  
  124  9:06  Probe  
  127  9:11  Templar Archives  
  127  9:12  Phoenix x2, Assimilator  
  131  9:17  Assimilator  
  131  9:23  Zealot x3  
  137  9:27  Phoenix  
  139  9:36  Zealot x4  
  137  9:54  Zealot x4  
Tags
 
Composition
Lurkers
Matchup
PvZ
Replay Pack
me
Add a new tag
Caveats
  • Supply blocks, unpowered buildings, or Contaminate may cause inaccurate times.
  • Supply counts are checked every 10 seconds.